 Dungeon Crawl Stone Soup version 0.29-a0-892-g2c4c91d9db (console) character file.

Game seed: 3877840389308355039

530 CannotBeFrozen the Slasher (level 7, 0/55 HPs)
             Began as a Human Fighter on July 23, 2022.
             Slain by an iguana (8 damage)
             ... on level 5 of the Dungeon.
             The game lasted 00:11:09 (5235 turns).

CannotBeFrozen the Slasher (Human Fighter)          Turns: 5235, Time: 00:11:10

Health: 0/55       AC: 13    Str: 18    XL:     7   Next: 48%
Magic:  7/7        EV:  2    Int:  8    God:
Gold:   158        SH:  0    Dex: -5 (13) Spells: 6/6 levels left

rFire   . . .      SeeInvis .   a - +1 long sword
rCold   . . .      Faith    .   c - +1 buckler
rNeg    . . .      Spirit   .   t - +0 plate armour
rPois   +          Reflect  .   (no helmet)
rElec   .          Harm     .   (no cloak)
rCorr   .          Rampage  .   (no gloves)
Will    .....                   v - +0 pair of boots
Stlth   ..........              (no amulet)
HPRegen 0.18/turn               k - ring of poison resistance
MPRegen 0.10/turn               b - +4 ring of evasion

@: slowed, lost dexterity, very slow
A: no striking features
a: no special abilities


You were on level 5 of the Dungeon.
You visited 1 branch of the dungeon, and saw 5 of its levels.

You collected 223 gold pieces.
You spent 65 gold pieces at shops.

Inventory:

Hand Weapons
 a - a +1 long sword (weapon)
Missiles
 m - 9 poisoned darts (quivered)
 r - 28 stones
Armour
 c - a +1 buckler (worn)
 t - a +0 plate armour (worn)
 v - a +0 pair of boots (worn)
Jewellery
 b - a +4 ring of evasion (right hand)
 f - a ring of flight
 k - a ring of poison resistance (left hand)
Scrolls
 g - a scroll of enchant weapon
 i - a scroll of vulnerability
 l - a scroll of amnesia
 u - a scroll of teleportation {@r2}
 w - a scroll of fear {unknown}
Potions
 d - 3 potions of might
 e - a potion of flight {unknown}
 h - a potion of brilliance
 j - a potion of lignification
 n - a potion of ambrosia {unknown}
 o - 3 potions of haste
 p - 2 potions of heal wounds {@q2}
 q - 2 potions of curing {@q1}
 s - a potion of invisibility {unknown}


   Skills:
 + Level 4.4 Fighting
 * Level 5.0 Long Blades
 + Level 4.4 Armour
 + Level 4.4 Shields


You had 6 spell levels left.
You didn't know any spells.
Your spell library contained the following spells:

 Spells                   Type           Power      Damage    Failure   Level
 Blink                    Tloc           0%         N/A       100%        2
 Conjure Flame            Conj/Fire      0%         6-21      100%        3
 Ignite Poison            Fire/Tmut/Pois 0%         N/A       100%        3
 Sticky Flame             Conj/Fire      0%         2d3       100%        4
 Manifold Assault         Tloc           0%         N/A       100%        5
 Storm Form               Tmut/Air       0%         N/A       100%        7


Dungeon Overview and Level Annotations

Branches:
Dungeon (5/15)
 Temple: D:4-7

Altars:
Dithmenos

Shops:
D:2 =*=


Message History

The iguana bites you.
* * * LOW HITPOINT WARNING * * *
HP: 6/55 (-1) =----------- You feel better.
The iguana bites you but does no damage.
The iguana bites you.
* * * LOW HITPOINT WARNING * * *
You feel much better. The iguana barely misses you.
You hit the iguana but do no damage.
The iguana is moderately wounded.
The iguana bites you.
* * * LOW HITPOINT WARNING * * *
The iguana bites you.
* * * LOW HITPOINT WARNING * * *
HP: 23/55 (-3) =====------- You hit the iguana.
The iguana is heavily wounded.
The iguana bites you!
* * * LOW HITPOINT WARNING * * *
The iguana bites you.
* * * LOW HITPOINT WARNING * * *
HP: 14/55 (-9) ===--------- !
You hit the iguana.
The iguana is severely wounded.
The iguana bites you.
* * * LOW HITPOINT WARNING * * *
The iguana bites you.
* * * LOW HITPOINT WARNING * * *
HP: 9/55 (-5) =----------- You closely miss the iguana.
The iguana is severely wounded.
The iguana bites you.
* * * LOW HITPOINT WARNING * * *
The iguana bites you but does no damage.
HP: 8/55 (-1) =----------- You barely miss the iguana.
The iguana is severely wounded.
The iguana bites you but does no damage.
The iguana bites you!
You die...

#.............#....#...#
###...######..#..<.#####
#'############..........
#............#..........
+............#..........
#+######..##.#..........
###..##.###....####
+.........#....#
#.........#....#
#.........# ##...##.@##
#...##.l#####
#.............
+.............
#...##..###..# #...##..#
## #.....[...
##..##..$.. #+###......
...###


You could see an iguana.

Vanquished Creatures
  A black bear (D:4)
  6 quasits (D:4)
  An orc priest (D:4)
  7 adders
  4 shadow imps (D:4)
  6 white imps (D:4)
  3 ufetubi (D:4)
  2 worms (D:3)
  A dart slug (D:3)
  3 orcs (D:4)
  5 endoplasms
  2 giant cockroaches
  3 goblins
  4 hobgoblins
  9 jackals
  3 quokkas
  4 ball pythons
  A bat (D:3)
  2 frilled lizards
  6 kobolds
  8 rats
81 creatures vanquished.

Vanquished Creatures (others)
  7 demonic plants (D:4)
7 creatures vanquished.

Grand Total: 88 creatures vanquished

Notes
Turn   | Place    | Note
-------+----------+-------------------------------------------
     0 | D:1      | CannotBeFrozen the Human Fighter began the quest for the
                  | Orb.
     0 | D:1      | Reached XP level 1. HP: 18/18 MP: 1/1
   497 | D:1      | Reached XP level 2. HP: 19/24 MP: 2/2
   685 | D:1      | Found a shadowy altar of Dithmenos.
   935 | D:2      | Found Sifobeh's General Store.
   940 | D:2      | Bought a potion of berserk rage for 65 gold pieces
   948 | D:2      | Found Diawucs's Jewellery Shop.
   965 | D:2      | Reached XP level 3. HP: 22/29 MP: 3/3
  1178 | D:2      | Found a faded altar of an unknown god.
  1258 | D:2      | Found Iprostuw's Jewellery Shop.
  1896 | D:3      | Reached XP level 4. HP: 35/35 MP: 4/4
  1904 | D:3      | Reached skill level 3 in Long Blades
  2793 | D:4      | Reached XP level 5. HP: 29/41 MP: 5/5
  3234 | D:4      | Noticed a black bear
  3247 | D:4      | Killed a black bear
  3248 | D:4      | Reached skill level 4 in Long Blades
  3248 | D:4      | Reached XP level 6. HP: 30/48 MP: 6/6
  3889 | D:4      | HP: 2/48 [quasit (1)]
  3910 | D:4      | Reached XP level 7. HP: 21/54 MP: 7/7
  4510 | D:4      | Lost dexterity.
  4775 | D:4      | Reached skill level 5 in Long Blades
  5095 | D:5      | Entered Level 5 of the Dungeon
  5235 | D:5      | Slain by an iguana

Illustrated notes

Levels and vault maps discovered:
D:1:      sevenhm_arrival_forest_fort_small_6, layout_rooms
D:2:      layout_loops_ring, chequers_ecumenical_altar_twisty, serial_shops,
          nicolae_shop_trees, nicolae_shop_hallway_plus, shop,
          skrybe_limestone_x, minmay_pentomino_v2
D:3:      layout_rooms
D:4:      layout_loops_cross, serial_demonic, serial_demonic_c,
          serial_demonic_a, serial_demonic_a, serial_demonic_a,
          serial_demonic_d, serial_demonic_e, serial_demonic_f,
          serial_demonic_d, serial_demonic_b, serial_demonic_f,
          kennysheep_generic_room_11
D:5:      layout_gridville, mainiacjoe_overflow_brackets, uniq_ijyb,
          uniq_grinder

Skill      XL: |  1  2  3  4  5  6  7 |
---------------+----------------------+-----
Long Blades    | 3 4 5 |  5.0
Armour         | 4 |  4.4
Shields        | 4 |  4.4
Fighting       | 4 |  4.4

Action                   |  1- 3 |  4- 6 |  7- 9 || total
-------------------------+-------+-------+-------++-------
Melee: Long sword        |    98 |   261 |   196 ||   555
Throw: Dart              |       |     8 |     2 ||    10
  Use: Scroll            |       |    13 |       ||    13
       Potion            |       |     1 |     3 ||     4
Armor: Scale mail        |    60 |       |       ||    60
       Plate armour      |       |   260 |   387 ||   647
Dodge: Dodged            |    53 |   209 |   129 ||   391
Block: Buckler           |    28 |   108 |    43 ||   179

Table legend: (Time is in decaauts)
 A = Elapsed time spent in this place.
 B = Non-inter-level travel time spent in this place.
 C = Inter-level travel time spent in this place.
 D = Time resting spent in this place.
 E = Time spent auto-exploring this place.
 F = Levels seen in this place.
 G = Mean time per level.
                   A        B        C        D        E       F      G
               +--------+--------+--------+--------+--------+-----+--------+
         Total |   5750 |   5487 |    263 |   1605 |   2495 |   5 | 1150.0 |
       Dungeon |   5750 |   5487 |    263 |   1605 |   2495 |   5 | 1150.0 |
               +--------+--------+--------+--------+--------+-----+--------+

Top non-repeatable levels by time:
     D:4: 2726 daAuts
     D:2: 1175 daAuts
     D:3: 927 daAuts
     D:1: 746 daAuts
     D:5: 174 daAuts
